Map: Ever Dream LE

Players

Osiris - Winner!

  • Race: Terran Terran
  • League: Master
  • Spawn Location: 1:00

Cheater 1 (Insane)

  • Race: Protoss Protoss
  • Spawn Location: 7:00

VOD

Have the link to the VOD?

Description

Time

  • Played on: July 5, 2020, 5:39 a.m.
  • Length: 15:32
Show
View Real Time Build Order
Export as new Build Order

Osiris Terran - Winner!

Build Orders: Mech 

Get SALT Encoding   

  12  0:01  SCV  
  13  0:13  SCV  
  14  0:16  Supply Depot  
  14  0:25  SCV  
  14  0:27  Refinery  
  15  0:38  SCV  
  16  0:45  Barracks  
  16  0:50  SCV  
  17  1:02  SCV  
  18  1:14  SCV  
  19  1:31  Orbital Command  
  19  1:32  Barracks Tech Lab  
  19  1:43  Command Center  
  19  1:52  Factory  
  19  1:58  SCV  
  20  2:03  Marauder  
  22  2:11  SCV  
  22  2:15  Supply Depot  
  23  2:17  Refinery  
  23  2:36  SCV  
  26  2:37  Marauder  
  26  2:41  Starport  
  26  2:48  Factory Reactor  
  26  2:51  SCV  
  27  2:55  Orbital Command  
  29  2:58  Marauder  
  29  3:00  Refinery  
  29  3:03  SCV  
  30  3:18  Starport Reactor  
  30  3:21  SCV x2  
  30  3:23  Marauder  
  30  3:24  Hellion  
  30  3:25  Hellion  
  38  3:30  Stimpack  
  38  3:33  SCV x2  
  40  3:36  Supply Depot  
  40  3:46  Hellion x2  
  40  3:47  SCV x2  
  46  3:59  SCV, Supply Depot  
  46  4:00  SCV  
  48  4:06  Viking x2  
  52  4:12  Hellion  
  54  4:21  Hellion  
  54  4:22  Supply Depot  
  54  4:23  SCV  
  57  4:24  SCV  
  57  4:29  Supply Depot  
  58  4:34  Hellion  
  40  4:38  Viking  
  60  4:43  Viking  
  60  4:44  Hellion  
  66  4:49  Supply Depot  
  66  4:50  Marauder  
  68  4:53  SCV x2  
  68  4:57  Hellion  
  72  5:05  SCV  
  73  5:08  Viking  
  73  5:13  SCV, Viking  
  78  5:15  Armory  
  78  5:17  Supply Depot  
  78  5:19  Hellion  
  82  5:21  Hellion  
  82  5:22  SCV  
  82  5:26  Marauder  
  85  5:28  SCV  
  86  5:45  Viking, Hellion  
  86  5:46  Viking, Hellion  
  86  5:48  Supply Depot  
  94  5:51  Refinery  
  94  6:04  Supply Depot  
  94  6:08  SCV x2  
  94  6:10  Marauder  
  92  6:15  Hellion x2  
  92  6:18  Supply Depot  
  82  6:20  SCV x2  
  80  6:32  Viking x2  
  84  6:34  Command Center  
  84  6:36  Hellion x2  
  88  6:45  SCV  
  88  6:46  SCV, Factory  
  90  6:50  Refinery, Factory  
  90  6:58  Barracks Tech Lab  
  90  6:59  Hellion x2  
  94  7:03  Medivac  
  96  7:11  Medivac  
  98  7:17  Supply Depot  
  98  7:18  Supply Depot  
  98  7:20  Engineering Bay  
  98  7:23  Hellion x2  
  98  7:28  SCV x2  
  104  7:36  Infernal Pre-Igniter  
  104  7:40  SCV  
  104  7:41  SCV  
  106  7:45  Siege Tank  
  106  7:47  Hellion x3  
  106  7:48  Orbital Command  
  115  7:54  Supply Depot  
  115  7:55  SCV, Terran Vehicle And Ship Armor Level 1  
  115  7:56  SCV  
  117  8:08  SCV  
  117  8:09  SCV  
  117  8:10  Hellion x2  
  117  8:11  Hellion  
  125  8:30  SCV x2  
  125  8:31  Siege Tank  
  125  8:33  Hellion x2, Siege Tank  
  137  8:36  Orbital Command  
  137  8:50  Refinery  
  137  8:51  Sensor Tower x2  
  137  8:52  Refinery  
  137  8:58  Hellion x2  
  137  8:59  Smart Servos  
  141  9:05  Armory  
  141  9:06  Orbital Command  
  141  9:08  Supply Depot x2  
  141  9:09  Supply Depot, Siege Tank  
  144  9:10  Hellion  
  133  9:25  Viking x2, Hellion x2  
  137  9:34  SCV x2  
  139  9:40  Siege Tank  
  142  9:45  SCV  
  142  9:47  Hellion  
  142  9:48  Hellion  
  147  10:05  Siege Tank  
  150  10:09  Medivac x2  
  150  10:10  Hellion  
  156  10:15  Hellion  
  148  10:22  Siege Tank  
  148  10:27  Terran Vehicle And Ship Armor Level 2  
  132  10:31  Terran Vehicle Weapons Level 1  
  124  10:43  Command Center  
  124  10:47  Command Center  
  124  10:49  Siege Tank  
  129  10:50  Hellion x2  
  127  10:58  Viking x2, Siege Tank  
  128  11:16  Hellion x2  
  132  11:21  Siege Tank  
  133  11:31  Refinery  
  131  11:35  Unknown, Refinery  
  131  11:42  Hellion x2, Siege Tank  
  138  11:47  Medivac x2  
  140  11:55  Siege Tank  
  129  12:04  Hellion  
  125  12:20  Siege Tank  
  125  12:21  Viking x2, Hellion  
  132  12:27  Planetary Fortress  
  132  12:29  Planetary Fortress  
  128  12:32  SCV  
  128  12:33  SCV  
  128  12:37  Barracks Tech Lab  
  128  12:40  Factory  
  128  12:41  Factory  
  128  12:43  Command Center  
  126  12:46  Hellion x2, Siege Tank  
  133  12:54  Siege Tank  
  133  12:56  Viking x2  
  134  13:16  Hellion x2  
  138  13:24  SCV x2  
  140  13:28  Factory Reactor  
  140  13:34  Siege Tank x2  
  140  13:35  Liberator x2  
  140  13:36  Siege Tank  
  137  14:17  Hellion x3  
  137  14:18  Hellion x3  
  137  14:19  Hellion  
  149  14:26  Liberator x2  
  155  14:53  Siege Tank  
  155  14:54  Siege Tank x2  
  155  14:55  Hellion x4  
Show
View Real Time Build Order
Export as new Build Order

Cheater 1 (Insane) Protoss 

Build Orders: 1 Gate Expand, Double Forge, Archon Immortal 

Get SALT Encoding   

  12  0:00  Probe  
  13  0:13  Probe  
  14  0:19  Pylon  
  14  0:25  Probe  
  15  0:33  Probe  
  15  0:41  Probe  
  16  0:45  Gateway  
  17  0:51  Probe  
  18  1:00  Probe  
  19  1:06  Nexus  
  19  1:08  Probe  
  19  1:18  Probe  
  20  1:25  Pylon  
  21  1:32  Zealot  
  23  1:33  Assimilator  
  23  1:35  Cybernetics Core  
  23  1:42  Probe  
  24  1:55  Probe  
  24  1:58  Pylon  
  25  2:03  Probe  
  26  2:08  Gateway  
  26  2:10  Assimilator  
  26  2:11  Probe  
  26  2:12  Warp Gate  
  27  2:18  Probe  
  27  2:19  Probe  
  28  2:27  Probe  
  28  2:28  Stalker  
  31  2:30  Probe, Pylon  
  31  2:33  Gateway  
  33  2:40  Probe  
  33  2:42  Probe  
  35  2:52  Probe  
  35  2:54  Probe  
  35  2:55  Stalker  
  35  2:57  Stalker  
  41  3:04  Probe x2  
  42  3:11  Pylon  
  42  3:12  Probe  
  43  3:16  Probe  
  45  3:20  Probe, Stalker, Pylon  
  45  3:25  Stalker  
  50  3:27  Stalker  
  50  3:28  Probe x2  
  50  3:32  Gateway  
  54  3:39  Probe  
  54  3:40  Probe  
  56  3:42  Pylon  
  56  3:43  Pylon  
  56  3:50  Stalker  
  56  3:51  Probe, Stalker  
  56  3:52  Probe  
  62  3:59  Pylon  
  62  4:04  Probe x2  
  62  4:05  Stalker  
  66  4:15  Probe  
  66  4:16  Probe  
  68  4:20  Pylon  
  68  4:23  Probe  
  68  4:26  Stalker  
  68  4:27  Stalker  
  68  4:28  Probe, Stalker  
  68  4:29  Stalker  
  68  4:31  Probe, Twilight Council  
  78  4:34  Forge  
  78  4:37  Forge  
  79  4:40  Probe  
  79  4:41  Pylon  
  79  4:42  Probe  
  81  4:48  Stalker  
  81  4:49  Adept  
  81  4:50  Adept  
  81  4:51  Adept  
  89  4:53  Probe  
  89  4:54  Probe  
  89  4:57  Pylon  
  89  4:59  Blink  
  91  5:09  Zealot  
  91  5:10  Zealot  
  91  5:11  Stalker, Pylon, Adept  
  99  5:26  Pylon, Protoss Ground Weapons Level 1  
  99  5:28  Zealot  
  99  5:29  Stalker, Adept  
  99  5:31  Adept  
  107  5:44  Zealot  
  107  5:45  Stalker  
  107  5:46  Assimilator  
  107  5:49  Stalker, Robotics Facility  
  113  5:52  Stalker  
  115  6:03  Nexus  
  115  6:04  Zealot  
  115  6:05  Pylon  
  115  6:07  Photon Cannon  
  109  6:13  Zealot  
  109  6:16  Zealot  
  109  6:17  Templar Archives  
  95  6:19  Zealot  
  95  6:22  Gateway  
  95  6:23  Assimilator  
  91  6:27  Photon Cannon  
  91  6:31  Zealot, Photon Cannon  
  91  6:33  Pylon  
  91  6:38  Warp Prism  
  93  6:47  Sentry  
  93  6:53  Photon Cannon, High Templar x2  
  99  6:54  Sentry  
  101  7:10  Stalker  
  101  7:12  Gateway  
  101  7:14  Warp Prism  
  105  7:15  Probe  
  105  7:16  Probe x2, Zealot  
  105  7:17  Stalker, Archon  
  112  7:25  Probe, Assimilator, High Templar  
  112  7:26  Probe, Stalker, Nexus  
  112  7:27  Pylon  
  112  7:28  Photon Cannon  
  112  7:29  Probe  
  119  7:30  Assimilator  
  119  7:32  High Templar  
  119  7:33  Probe, Stalker  
  119  7:35  Probe  
  119  7:36  Stalker  
  125  7:41  Probe  
  128  7:44  Probe  
  128  7:46  Probe  
  128  7:47  Protoss Ground Armor Level 1  
  128  7:48  Stalker, Photon Cannon  
  128  7:50  Pylon, Observer  
  133  7:52  Psionic Storm  
  133  7:53  Probe  
  133  7:56  Zealot  
  133  7:57  Probe, Archon  
  133  7:58  Probe, Stalker  
  140  7:59  Stalker  
  140  8:02  Photon Cannon  
  140  8:04  High Templar  
  140  8:05  Warp Prism, Probe  
  145  8:08  High Templar  
  145  8:11  Stalker  
  151  8:13  Photon Cannon  
  151  8:14  Photon Cannon  
  151  8:16  Zealot, Photon Cannon  
  153  8:20  Stalker, Archon  
  153  8:22  Pylon, Zealot  
  157  8:35  Forge, High Templar  
  157  8:36  Stalker, High Templar  
  157  8:37  Immortal, Charge  
  157  8:38  Zealot  
  169  8:44  Sentry, Archon  
  169  8:46  Assimilator  
  171  8:48  Adept  
  171  8:49  Pylon, Nexus  
  171  8:51  Assimilator  
  171  8:53  Sentry, Photon Cannon  
  175  8:58  Stalker  
  177  9:04  Robotics Facility  
  177  9:07  Sentry  
  179  9:10  Photon Cannon  
  179  9:12  Immortal  
  179  9:14  Pylon  
  183  9:18  Photon Cannon  
  183  9:19  Stalker x3  
  183  9:21  Stalker, High Templar  
  159  9:30  Zealot  
  155  9:35  Photon Cannon  
  155  9:36  High Templar  
  155  9:37  Photon Cannon  
  157  9:40  Photon Cannon  
  157  9:42  Stalker, Sentry  
  157  9:43  Archon  
  157  9:44  Stalker  
  163  9:46  Immortal, Protoss Ground Weapons Level 2  
  163  9:50  Zealot, Adept  
  163  9:51  Immortal  
  175  10:04  Stalker  
  175  10:05  Stalker, Zealot, High Templar  
  183  10:07  Stalker x2  
  183  10:08  Assimilator  
  183  10:11  Pylon  
  183  10:12  Nexus  
  179  10:14  Assimilator  
  179  10:18  Robotics Facility  
  157  10:23  Adept  
  157  10:25  Immortal, Zealot  
  157  10:27  Sentry  
  157  10:28  Stalker  
  133  10:30  Observer, High Templar  
  133  10:33  Photon Cannon  
  114  10:36  Pylon, Zealot  
  104  10:43  High Templar  
  104  10:45  Adept  
  104  10:48  Zealot  
  104  10:49  Probe  
  110  10:50  Sentry  
  110  10:51  Probe, Stalker  
  110  10:52  Stargate, Observer  
  110  10:54  Probe x2  
  107  11:02  Probe, Sentry, Adept  
  96  11:04  Immortal  
  96  11:05  Probe, Immortal, High Templar  
  96  11:06  High Templar  
  96  11:08  Probe  
  101  11:13  Probe, Immortal  
  101  11:14  Adept  
  101  11:16  Probe, Adept  
  101  11:18  Probe x2  
  100  11:20  Stalker  
  100  11:21  Stalker  
  100  11:24  Probe  
  100  11:25  Probe, Stalker, Pylon  
  90  11:28  Probe  
  90  11:29  Pylon, Zealot  
  90  11:30  Probe x2  
  90  11:32  Unknown  
  96  11:34  Stalker, Pylon  
  96  11:36  Probe, Stalker  
  96  11:38  Probe, Zealot  
  94  11:40  Probe x2  
  94  11:43  Probe, Immortal  
  94  11:44  Zealot, High Templar  
  94  11:45  Immortal  
  101  11:48  Probe x2  
  101  11:49  Stalker  
  101  11:50  Probe  
  101  11:52  Probe  
  100  11:55  Probe  
  100  11:57  Adept  
  100  11:58  Sentry, Zealot  
  100  11:59  Adept  
  100  12:00  Probe x2  
  91  12:04  Probe  
  91  12:05  Probe  
  91  12:07  Probe  
  91  12:08  Photon Cannon  
  75  12:12  Probe, Immortal, Adept  
  75  12:14  Adept  
  75  12:15  Pylon  
  70  12:16  Sentry, High Templar  
  70  12:17  Probe  
  70  12:18  Probe, High Templar  
  70  12:19  Probe, Stalker  
  70  12:20  Probe  
  79  12:24  Probe, Nexus  
  79  12:27  Sentry  
  79  12:29  Probe  
  74  12:30  Probe  
  74  12:32  Probe, High Templar  
  74  12:36  Probe  
  65  12:39  High Templar  
  65  12:41  Probe  
  65  12:42  High Templar  
  58  12:46  Probe  
  58  12:47  Probe  
  58  12:48  Adept  
  58  12:50  Zealot, High Templar  
  48  12:52  Probe  
  48  12:53  Probe  
  46  12:58  Probe  
  46  12:59  Probe, Pylon  
  46  13:00  Stalker  
  46  13:05  Probe  
  48  13:06  Stalker  
  48  13:08  Sentry  
  48  13:10  Probe, Zealot  
  48  13:11  Adept  
  51  13:14  Probe  
  51  13:17  High Templar  
  51  13:18  Pylon  
  38  13:21  Probe  
  38  13:22  High Templar  
  38  13:23  Probe  
  38  13:26  Probe  
  36  13:27  Adept  
  36  13:30  Sentry  
  36  13:31  Zealot  
  36  13:32  Stalker  
  41  13:35  Probe  
  41  13:36  Probe  
  41  13:37  Probe  
  42  13:47  Stalker, High Templar  
  34  13:49  Stalker  
  34  13:51  Sentry  
  34  13:53  Probe  
  34  13:55  High Templar  
  36  13:57  Zealot  
  36  14:01  Probe x2  
  39  14:06  Probe  
  39  14:09  Adept  
  39  14:13  Probe  
  39  14:14  High Templar  
  39  14:17  Zealot  
  30  14:21  High Templar  
  30  14:29  High Templar  
  21  14:31  Stalker, Zealot, Adept  
  21  14:36  High Templar  
  19  14:40  Probe  
  19  14:41  Probe x2  
  17  14:48  Probe  
  18  14:53  Probe  
  18  14:56  Probe  
  19  15:05  Probe  
  17  15:15  Probe  
Tags
 
Add a new tag
Caveats
  • Supply blocks, unpowered buildings, or Contaminate may cause inaccurate times.
  • Supply counts are checked every 10 seconds.